Red Wings vs Penguins
Created - December 28, 2020 at 19:02
Goals
|
Red Wings |
0 |
4 |
1 |
5 |
Penguins |
0 |
1 |
0 |
1 |
|
Shots
|
Red Wings |
6 |
14 |
8 |
28 |
Penguins |
12 |
18 |
7 |
37 |
|
1st period
No Goal
Penalties :
Sean Bergenheim (Det) for Hooking (Minor) at 2:39, Alex Picard (Det) for Hooking (Minor) at 14:06
2nd period
1. Red Wings , Anze Kopitar 18 (Marko Dano 7, Ryan O'Byrne 4) at 1:18
2. Red Wings , Petr Pohl 6 (Darroll Powe 5) at 3:20
3. Penguins , Steven Stamkos 20 (Nikita Kucherov 18, Andrew Cogliano 17) at 3:30
4. Red Wings , Mike Richards 12 (Connor Brown 14, Carson Mcmillan 5) at 13:20
5. Red Wings , David Krejci 5 (Ole-Kristian Tollefsen 12, Carson Mcmillan 6) at 15:28
Penalties :
Keith Aulie (Pit) for Hooking (Minor) at 7:38, Matt Greene (Det) for High sticking (Minor) at 16:48
3rd period
6. Red Wings , Connor Brown 12 (Jiri Fischer 6, Matt Greene 2) at 1:54
Penalties :
No Penalty
Goalie Stats
Robin Lehner (Det), 36 saves from 37 shots - (0.973), W, 10-12-5, 60:00 minutes
Michal Neuvirth (Pit), 15 saves from 19 shots - (0.789), L, 11-12-2, 35:28 minutes
Sergei Bobrovsky (Pit), 8 saves from 9 shots - (0.889), 24:32 minutes
Players Stats for Red Wings
Player Name G A P +/- PIM S H SB GA TA FO MP PP MP PK MP
------------------------------------------------------------------------------------
Alex Picard 0 0 0 1 2 1 0 0 0 0 1/2 11:04 0:00 0:22
Anze Kopitar 1 0 1 0 0 7 2 0 0 0 13/22 17:57 1:04 0:18
Carson Mcmillan 0 2 2 1 0 1 2 0 1 1 0/1 14:29 0:00 3:42
Connor Brown 1 1 2 2 0 1 2 1 0 0 0/0 17:27 0:55 0:00
Darroll Powe 0 1 1 1 0 0 1 0 0 0 5/9 12:58 0:00 3:42
David Krejci 1 0 1 1 0 2 1 0 0 0 2/3 10:31 0:00 0:00
Jakub Kindl 0 0 0 1 0 1 1 0 0 0 0/0 16:56 0:00 0:28
Jiri Fischer 0 1 1 1 0 0 2 0 0 0 0/0 15:17 0:51 0:00
Kris Versteeg 0 0 0 0 0 4 3 0 0 1 1/2 19:19 1:04 1:39
Marko Dano 0 1 1 0 0 1 1 0 0 0 0/1 17:18 0:55 0:00
Matt Greene 0 1 1 1 2 0 0 0 0 1 0/0 16:08 0:00 1:38
Michael Haley 0 0 0 1 0 1 0 0 0 0 0/0 11:08 0:00 2:11
Mike Richards 1 0 1 2 0 2 0 1 1 0 5/9 17:30 0:55 0:00
Ole-Kristian Tollefsen 0 1 1 2 0 1 0 2 0 0 0/0 24:50 1:08 3:51
Petr Pohl 1 0 1 1 0 2 2 0 0 0 0/0 9:03 0:00 0:00
Philip Samuelsson 0 0 0 2 0 2 1 4 0 3 0/0 24:54 1:08 3:51
Ryan O'Byrne 0 1 1 1 0 0 2 2 0 0 0/0 19:36 0:51 2:06
Sean Bergenheim 0 0 0 2 2 2 1 0 0 1 1/2 17:35 1:04 0:00
Players Stats for Penguins
Player Name G A P +/- PIM S H SB GA TA FO MP PP MP PK MP
------------------------------------------------------------------------------------
Adam Larsson 0 0 0 -4 0 1 2 1 0 1 0/0 21:40 2:03 0:56
Alexei Marchenko 0 0 0 0 0 1 1 1 0 0 0/0 14:14 0:00 1:03
Andreas Martinsen 0 0 0 -1 0 0 2 0 0 1 0/0 9:29 0:00 0:20
Andrew Cogliano 0 1 1 -1 0 3 0 1 0 0 0/0 21:47 3:36 0:59
Danny DeKeiser 0 0 0 -4 0 2 1 2 0 0 0/0 21:25 2:03 0:48
Dustin Brown 0 0 0 -1 0 2 1 0 0 0 0/0 13:38 2:20 0:00
Eric Gryba 0 0 0 0 0 0 3 1 0 0 0/0 13:07 0:00 0:00
Joe Colborne 0 0 0 -1 0 1 1 0 0 0 0/2 9:12 0:00 0:00
Keith Aulie 0 0 0 0 2 4 4 2 0 0 0/0 25:42 3:54 0:00
Logan Couture 0 0 0 0 0 1 1 0 0 0 4/5 13:20 0:00 0:08
Marcus Foligno 0 0 0 -1 0 4 3 0 1 0 0/0 11:23 0:05 0:00
Marian Hossa 0 0 0 -1 0 0 1 0 0 0 0/0 9:09 0:00 0:00
Nikita Kucherov 0 1 1 -1 0 3 1 0 0 0 1/3 18:47 3:33 0:31
Sean Monahan 0 0 0 -1 0 2 1 2 0 0 4/13 17:52 2:20 0:29
Sean Zimmerman 0 0 0 0 0 2 2 0 0 0 0/0 24:45 3:54 1:11
Steven Stamkos 1 0 1 -2 0 5 1 0 3 0 14/27 19:41 3:37 1:00
Thomas Vanek 0 0 0 -1 0 4 1 0 1 0 0/0 17:56 2:20 0:31
Viktor Arvidsson 0 0 0 -1 0 2 0 1 2 0 0/1 14:53 0:00 0:00
3 Stars
1 - Robin Lehner (Det)
2 - Connor Brown (Det)
3 - Mike Richards (Det)
Power Play
Red Wings - 0 on 1 Attempt(s) - 0.00%
Penguins - 0 on 3 Attempt(s) - 0.00%
Penalty Kill
Red Wings - 3 on 3 Attempt(s) - 100.00%
- Score 0 goal in Penalty Kill
Penguins - 1 on 1 Attempt(s) - 100.00%
- Score 0 goal in Penalty Kill
Team Stat
Red Wings - Hits : 21 - Faceoff Wins : 28 - Blocked Shots : 10 - Penalty Minutes : 6
Penguins - Hits : 26 - Faceoff Wins : 23 - Blocked Shots : 11 - Penalty Minutes : 2
Official
Referees : Unknown
Linesman : Unknown
Game Notes
Sergei Bobrovsky enters game at 15:28 of 2nd period
Finance
Level 1 -- Attendance: 4215 (70.25%) -- Ticket Income $505,800
Level 2 -- Attendance: 3731 (74.62%) -- Ticket Income $261,170
Level 3 -- Attendance: 1690 (84.50%) -- Ticket Income $76,050
Level 4 -- Attendance: 2602 (65.05%) -- Ticket Income $91,070
Luxury Box -- Attendance: 827 (82.70%) -- Ticket Income $165,400
Game was played at the Igloo.
Total Attendance: 13065 (72.58%)
Total Ticket Income: $1,099,490
Other Income: $164,924
Total Income: $1,264,414
Red Wings
5 vs 5 Forward
Center Left Wing Right Wing Time % Phy DF OF
1 Anze Kopitar Marko Dano Kris Versteeg 40 0 2 3
2 Mike Richards Sean Bergenheim Connor Brown 30 0 2 3
3 David Krejci Alex Picard Carson Mcmillan 20 0 3 2
4 Darroll Powe Michael Haley Petr Pohl 10 0 3 2
5 vs 5 Defense
Defense Defense Time % Phy DF OF
1 Philip Samuelsson Ole-Kristian Tollefsen 40 0 2 3
2 Jakub Kindl Ryan O'Byrne 30 0 3 2
3 Jiri Fischer Matt Greene 20 0 3 2
4 Philip Samuelsson Ole-Kristian Tollefsen 10 0 3 2
PowerPlay Forward
Center Left Wing Right Wing Time % Phy DF OF
1 Anze Kopitar Sean Bergenheim Kris Versteeg 60 0 0 5
2 Mike Richards Marko Dano Connor Brown 40 0 0 5
PowerPlay Defense
Defense Defense Time % Phy DF OF
1 Philip Samuelsson Ole-Kristian Tollefsen 60 0 1 4
2 Jiri Fischer Ryan O'Byrne 40 0 2 3
Penalty Kill 4 Players Forward
Center Wing Time % Phy DF OF
1 Darroll Powe Carson Mcmillan 60 1 2 2
2 Kris Versteeg Michael Haley 40 1 2 2
Penalty Kill 4 Players Defense
Defense Defense Time % Phy DF OF
1 Philip Samuelsson Ole-Kristian Tollefsen 60 0 5 0
2 Matt Greene Ryan O'Byrne 40 1 4 0
Penalty Kill - 3 Players Forward
Forward Time % Phy DF OF
1 Carson Mcmillan 60 1 2 2
2 Michael Haley 40 1 2 2
Penalty Kill - 3 Players Defense
Defense Defense Time % Phy DF OF
1 Philip Samuelsson Ole-Kristian Tollefsen 60 1 2 2
2 Matt Greene Ryan O'Byrne 40 1 2 2
4 vs 4 Forward
Center Wing Time % Phy DF OF
1 Anze Kopitar Connor Brown 60 0 2 3
2 Mike Richards Kris Versteeg 40 0 2 3
4 vs 4 Defense
Defense Defense Time % Phy DF OF
1 Philip Samuelsson Ole-Kristian Tollefsen 60 0 2 3
2 Jiri Fischer Ryan O'Byrne 40 0 3 2
Last Minutes Offensive
Center Left Wing Right Wing Defense Defense
Anze Kopitar Sean Bergenheim Kris Versteeg Philip Samuelsson Ole-Kristian Tollefsen
Last Minutes Defensive
Center Left Wing Right Wing Defense Defense
Anze Kopitar Sean Bergenheim Carson Mcmillan Philip Samuelsson Ole-Kristian Tollefsen
Goaltenders
Starting : Robin Lehner
Backup : Josh Harding
Extra Forwards
Normal : Anze Kopitar, Sean Bergenheim, Alex Picard - PP : Carson Mcmillan, Petr Pohl - PK : Alex Picard
Extra Defensemen
Normal : Jiri Fischer, Jakub Kindl, Matt Greene - PP : Jiri Fischer - PK : Jakub Kindl, Jiri Fischer
Penalty Shots
Kris Versteeg, Anze Kopitar, Mike Richards, Marko Dano, Carson Mcmillan
Scratches
Chuck Kobasew (Healthy), Lasse Kukkonen (Healthy)
Penguins
5 vs 5 Forward
Center Left Wing Right Wing Time % Phy DF OF
1 Steven Stamkos Andrew Cogliano Nikita Kucherov 40 1 2 2
2 Sean Monahan Thomas Vanek Viktor Arvidsson 30 1 2 2
3 Logan Couture Marcus Foligno Dustin Brown 20 1 2 2
4 Joe Colborne Andreas Martinsen Marian Hossa 10 1 2 2
5 vs 5 Defense
Defense Defense Time % Phy DF OF
1 Sean Zimmerman Keith Aulie 40 1 2 2
2 Adam Larsson Danny DeKeiser 30 1 2 2
3 Eric Gryba Alexei Marchenko 20 1 2 2
4 Sean Zimmerman Keith Aulie 10 1 2 2
PowerPlay Forward
Center Left Wing Right Wing Time % Phy DF OF
1 Steven Stamkos Andrew Cogliano Nikita Kucherov 60 1 2 2
2 Sean Monahan Thomas Vanek Dustin Brown 40 1 2 2
PowerPlay Defense
Defense Defense Time % Phy DF OF
1 Sean Zimmerman Keith Aulie 60 1 2 2
2 Adam Larsson Danny DeKeiser 40 1 2 2
Penalty Kill 4 Players Forward
Center Wing Time % Phy DF OF
1 Steven Stamkos Andrew Cogliano 60 1 2 2
2 Nikita Kucherov Thomas Vanek 40 1 2 2
Penalty Kill 4 Players Defense
Defense Defense Time % Phy DF OF
1 Sean Zimmerman Keith Aulie 60 1 2 2
2 Adam Larsson Danny DeKeiser 40 1 2 2
Penalty Kill - 3 Players Forward
Forward Time % Phy DF OF
1 Steven Stamkos 60 1 2 2
2 Andrew Cogliano 40 1 2 2
Penalty Kill - 3 Players Defense
Defense Defense Time % Phy DF OF
1 Sean Zimmerman Keith Aulie 60 1 2 2
2 Adam Larsson Danny DeKeiser 40 1 2 2
4 vs 4 Forward
Center Wing Time % Phy DF OF
1 Steven Stamkos Andrew Cogliano 60 1 2 2
2 Nikita Kucherov Thomas Vanek 40 1 2 2
4 vs 4 Defense
Defense Defense Time % Phy DF OF
1 Sean Zimmerman Keith Aulie 60 1 2 2
2 Adam Larsson Danny DeKeiser 40 1 2 2
Last Minutes Offensive
Center Left Wing Right Wing Defense Defense
Steven Stamkos Andrew Cogliano Nikita Kucherov Sean Zimmerman Keith Aulie
Last Minutes Defensive
Center Left Wing Right Wing Defense Defense
Steven Stamkos Andrew Cogliano Nikita Kucherov Sean Zimmerman Keith Aulie
Goaltenders
Starting : Michal Neuvirth
Backup : Sergei Bobrovsky
Extra Forwards
Normal : Marcus Foligno, Joe Colborne, Sean Monahan - PP : Marcus Foligno, Joe Colborne - PK : Sean Monahan
Extra Defensemen
Normal : Eric Gryba, Alexei Marchenko, Keith Aulie - PP : Eric Gryba - PK : Alexei Marchenko, Keith Aulie
Penalty Shots
Steven Stamkos, Andrew Cogliano, Nikita Kucherov, Thomas Vanek, Logan Couture
Scratches
None
% Time on Ice - Red Wings
Lines # - Real PCT - Wanted PCT - Time Play
Normal Forward
1 - 33% - 40% - 17:24
2 - 32% - 30% - 16:36
3 - 20% - 20% - 10:18
4 - 15% - 10% - 7:46
Normal Defense
1 - 39% - 40% - 20:18
2 - 31% - 30% - 16:12
3 - 26% - 20% - 13:18
4 - 4% - 10% - 2:16
PP Forward
1 - 54% - 60% - 1:04
2 - 46% - 40% - 0:55
PP Defense
1 - 57% - 60% - 1:08
2 - 43% - 40% - 0:51
PK Forward
1 - 72% - 60% - 4:18
2 - 28% - 40% - 1:39
PK Defense
1 - 65% - 60% - 3:51
2 - 35% - 40% - 2:06
PK3 Forward
1 - 0% - 60%
2 - 0% - 40%
PK3 Defense
1 - 0% - 60%
2 - 0% - 40%
44 Forward
1 - 0% - 60%
2 - 0% - 40%
44 Defense
1 - 0% - 60%
2 - 0% - 40%
Last Minute Offensive - 0:00
Last Minute Defensive - 0:00
Total
Forward - 60:00
Defense - 60:00
|
% Time on Ice - Penguins
Lines # - Real PCT - Wanted PCT - Time Play
Normal Forward
1 - 33% - 40% - 17:20
2 - 29% - 30% - 15:08
3 - 21% - 20% - 10:45
4 - 17% - 10% - 8:51
Normal Defense
1 - 37% - 40% - 19:11
2 - 35% - 30% - 18:14
3 - 25% - 20% - 13:13
4 - 3% - 10% - 1:26
PP Forward
1 - 61% - 60% - 3:37
2 - 39% - 40% - 2:20
PP Defense
1 - 66% - 60% - 3:54
2 - 34% - 40% - 2:03
PK Forward
1 - 74% - 60% - 1:28
2 - 26% - 40% - 0:31
PK Defense
1 - 71% - 60% - 1:24
2 - 29% - 40% - 0:35
PK3 Forward
1 - 0% - 60%
2 - 0% - 40%
PK3 Defense
1 - 0% - 60%
2 - 0% - 40%
44 Forward
1 - 0% - 60%
2 - 0% - 40%
44 Defense
1 - 0% - 60%
2 - 0% - 40%
Last Minute Offensive - 0:00
Last Minute Defensive - 0:00
Total
Forward - 60:00
Defense - 60:00
|
Play-by-Play
1st period
0:01 of 1st period - Anze Kopitar wins face-off versus Steven Stamkos in neutral zone.
0:14 of 1st period - Slapshot by Nikita Kucherov.
0:14 of 1st period - Shot Misses the Net.
1:28 of 1st period - Keith Aulie is hit by Kris Versteeg and loses puck.
1:35 of 1st period - Wrist shot by Nikita Kucherov.
1:35 of 1st period - Stopped by Robin Lehner without a rebound.
1:36 of 1st period - Sean Monahan wins face-off versus Sean Bergenheim in Red Wings zone.
2:25 of 1st period - Matt Greene is hit by Andreas Martinsen and loses puck.
2:39 of 1st period - Minor Penalty to Sean Bergenheim for Hooking.
2:40 of 1st period - Steven Stamkos wins face-off versus Darroll Powe in Red Wings zone.
2:55 of 1st period - Slapshot by Philip Samuelsson.
2:55 of 1st period - Stopped by Michal Neuvirth with a rebound.
3:07 of 1st period - Philip Samuelsson is hit by Sean Monahan and loses puck.
4:39 of 1st period - Penalty to Sean Bergenheim is over, Sean Bergenheim is back on ice.
5:17 of 1st period - Icing by Connor Brown.
5:18 of 1st period - Sean Monahan wins face-off versus Mike Richards in Red Wings zone.
6:23 of 1st period - Wrist shot by Marcus Foligno.
6:23 of 1st period - Stopped by Robin Lehner without a rebound.
6:24 of 1st period - Logan Couture wins face-off versus Alex Picard in Red Wings zone.
6:27 of 1st period - Wrist shot by Marcus Foligno.
6:27 of 1st period - Stopped by Robin Lehner with a rebound.
6:35 of 1st period - Wrist shot by Carson Mcmillan.
6:35 of 1st period - Stopped by Michal Neuvirth without a rebound.
6:36 of 1st period - Steven Stamkos wins face-off versus David Krejci in Penguins zone.
7:06 of 1st period - Wrist shot by Kris Versteeg.
7:06 of 1st period - Shot Hit the Post.
7:32 of 1st period - Wrist shot by Dustin Brown.
7:32 of 1st period - Stopped by Robin Lehner with a rebound.
7:45 of 1st period - Off-side.
7:46 of 1st period - Mike Richards wins face-off versus Steven Stamkos in neutral zone.
8:01 of 1st period - Snap shot by Steven Stamkos.
8:01 of 1st period - Stopped by Robin Lehner without a rebound.
8:02 of 1st period - Anze Kopitar wins face-off versus Sean Monahan in Red Wings zone.
8:17 of 1st period - Slapshot by Anze Kopitar.
8:17 of 1st period - Shot Blocked by Sean Monahan.
8:31 of 1st period - Andrew Cogliano is hit by David Krejci and loses puck.
8:42 of 1st period - Philip Samuelsson is hit by Sean Zimmerman.
8:52 of 1st period - Carson Mcmillan is hit by Joe Colborne and loses puck.
9:48 of 1st period - Slapshot by Dustin Brown.
9:48 of 1st period - Stopped by Robin Lehner without a rebound.
9:49 of 1st period - Anze Kopitar wins face-off versus Nikita Kucherov in Red Wings zone.
9:58 of 1st period - Snap shot by Anze Kopitar.
9:58 of 1st period - Stopped by Michal Neuvirth with a rebound.
10:49 of 1st period - Wrist shot by Petr Pohl.
10:49 of 1st period - Stopped by Michal Neuvirth without a rebound.
10:50 of 1st period - Steven Stamkos wins face-off versus Anze Kopitar in Penguins zone.
10:50 of 1st period - Steven Stamkos is hit by Ryan O'Byrne.
10:56 of 1st period - Ryan O'Byrne is hit by Steven Stamkos and loses puck.
11:52 of 1st period - Ryan O'Byrne is hit by Keith Aulie and loses puck.
12:43 of 1st period - Slapshot by Michael Haley.
12:43 of 1st period - Stopped by Michal Neuvirth without a rebound.
12:44 of 1st period - Steven Stamkos wins face-off versus Anze Kopitar in Penguins zone.
13:01 of 1st period - Snap shot by Andrew Cogliano.
13:01 of 1st period - Stopped by Robin Lehner without a rebound.
13:02 of 1st period - Mike Richards wins face-off versus Sean Monahan in Red Wings zone.
14:06 of 1st period - Minor Penalty to Alex Picard for Hooking.
14:07 of 1st period - Steven Stamkos wins face-off versus Darroll Powe in Red Wings zone.
14:20 of 1st period - Snap shot by Steven Stamkos.
14:20 of 1st period - Shot Hit the Post.
14:22 of 1st period - Snap shot by Keith Aulie.
14:22 of 1st period - Stopped by Robin Lehner without a rebound.
14:23 of 1st period - Darroll Powe wins face-off versus Steven Stamkos in Red Wings zone.
16:06 of 1st period - Penalty to Alex Picard is over, Alex Picard is back on ice.
16:14 of 1st period - Backhand shot by Connor Brown.
16:14 of 1st period - Shot Misses the Net.
16:34 of 1st period - Ole-Kristian Tollefsen is hit by Marcus Foligno and loses puck.
17:39 of 1st period - Wrist shot by Nikita Kucherov.
17:39 of 1st period - Deflect By Sean Monahan.
17:39 of 1st period - Stopped by Robin Lehner with a rebound.
17:41 of 1st period - Backhand shot by Adam Larsson.
17:41 of 1st period - Shot Blocked by Connor Brown.
18:31 of 1st period - Snap shot by Dustin Brown.
18:31 of 1st period - Shot Hit the Post.
18:33 of 1st period - Backhand shot by Alexei Marchenko.
18:33 of 1st period - Stopped by Robin Lehner with a rebound.
18:45 of 1st period - Snap shot by Anze Kopitar.
18:45 of 1st period - Stopped by Michal Neuvirth without a rebound.
18:46 of 1st period - Mike Richards wins face-off versus Joe Colborne in Penguins zone.
18:59 of 1st period - Joe Colborne is hit by Jiri Fischer and loses puck.
19:19 of 1st period - Andrew Cogliano is hit by Carson Mcmillan and loses puck.
19:42 of 1st period - Snap shot by Anze Kopitar.
19:42 of 1st period - Shot Blocked by Andrew Cogliano.
19:48 of 1st period - Wrist shot by Andrew Cogliano.
19:48 of 1st period - Stopped by Robin Lehner with a rebound.
19:50 of 1st period - Slapshot by Keith Aulie.
19:50 of 1st period - Stopped by Robin Lehner without a rebound.
19:51 of 1st period - Darroll Powe wins face-off versus Sean Monahan in Red Wings zone.
Goals for this period are 0 for Red Wings vs 0 for Penguins.
Shots for this period are 6 for Red Wings vs 12 for Penguins.
2nd period
0:01 of 2nd period - Steven Stamkos wins face-off versus Anze Kopitar in neutral zone.
0:11 of 2nd period - Wrist shot by Anze Kopitar.
0:11 of 2nd period - Stopped by Michal Neuvirth with a rebound.
0:48 of 2nd period - Off-side.
0:49 of 2nd period - David Krejci wins face-off versus Logan Couture in neutral zone.
1:14 of 2nd period - Slapshot by Marko Dano.
1:14 of 2nd period - Shot Blocked by Danny DeKeiser.
1:16 of 2nd period - Snap shot by Anze Kopitar.
1:16 of 2nd period - Shot Blocked by Adam Larsson.
1:18 of 2nd period - Slapshot by Anze Kopitar.
1:18 of 2nd period - Goal by Anze Kopitar - Red Wings : 1 - Penguins : 0.
1:19 of 2nd period - Anze Kopitar wins face-off versus Steven Stamkos in neutral zone.
1:50 of 2nd period - Slapshot by Sean Monahan.
1:50 of 2nd period - Shot Misses the Net.
1:52 of 2nd period - Slapshot by Thomas Vanek.
1:52 of 2nd period - Stopped by Robin Lehner with a rebound.
1:54 of 2nd period - Snap shot by Viktor Arvidsson.
1:54 of 2nd period - Stopped by Robin Lehner with a rebound.
1:56 of 2nd period - Slapshot by Sean Zimmerman.
1:56 of 2nd period - Stopped by Robin Lehner with a rebound.
2:07 of 2nd period - Icing by Alex Picard.
2:08 of 2nd period - Logan Couture wins face-off versus Carson Mcmillan in Red Wings zone.
2:55 of 2nd period - Snap shot by Sean Monahan.
2:55 of 2nd period - Shot Misses the Net.
2:57 of 2nd period - Wrist shot by Sean Monahan.
2:57 of 2nd period - Shot Misses the Net.
2:59 of 2nd period - Snap shot by Sean Monahan.
2:59 of 2nd period - Shot Blocked by Mike Richards.
3:01 of 2nd period - Slapshot by Adam Larsson.
3:01 of 2nd period - Shot Blocked by Philip Samuelsson.
3:15 of 2nd period - Keith Aulie is hit by Petr Pohl and loses puck.
3:20 of 2nd period - Snap shot by Petr Pohl.
3:20 of 2nd period - Goal by Petr Pohl - Red Wings : 2 - Penguins : 0.
3:21 of 2nd period - Steven Stamkos wins face-off versus Anze Kopitar in neutral zone.
3:30 of 2nd period - Snap shot by Steven Stamkos.
3:30 of 2nd period - Goal by Steven Stamkos - Red Wings : 2 - Penguins : 1.
3:31 of 2nd period - Steven Stamkos wins face-off versus Kris Versteeg in neutral zone.
3:40 of 2nd period - Snap shot by Andrew Cogliano.
3:40 of 2nd period - Shot Blocked by Ole-Kristian Tollefsen.
3:42 of 2nd period - Wrist shot by Keith Aulie.
3:42 of 2nd period - Shot Misses the Net.
3:44 of 2nd period - Snap shot by Steven Stamkos.
3:44 of 2nd period - Stopped by Robin Lehner without a rebound.
3:45 of 2nd period - Steven Stamkos wins face-off versus Anze Kopitar in Red Wings zone.
3:58 of 2nd period - Snap shot by Andrew Cogliano.
3:58 of 2nd period - Stopped by Robin Lehner with a rebound.
4:17 of 2nd period - Wrist shot by Sean Bergenheim.
4:17 of 2nd period - Stopped by Michal Neuvirth with a rebound.
4:54 of 2nd period - Jiri Fischer is hit by Danny DeKeiser and loses puck.
5:20 of 2nd period - Snap shot by Anze Kopitar.
5:20 of 2nd period - Shot Misses the Net.
5:22 of 2nd period - Backhand shot by Jiri Fischer.
5:22 of 2nd period - Deflect By Kris Versteeg.
5:22 of 2nd period - Stopped by Michal Neuvirth without a rebound.
5:23 of 2nd period - Sean Bergenheim wins face-off versus Sean Monahan in Penguins zone.
5:34 of 2nd period - Snap shot by Sean Monahan.
5:34 of 2nd period - Stopped by Robin Lehner with a rebound.
5:36 of 2nd period - Slapshot by Keith Aulie.
5:36 of 2nd period - Stopped by Robin Lehner with a rebound.
6:12 of 2nd period - Ole-Kristian Tollefsen is hit by Nikita Kucherov and loses puck.
6:35 of 2nd period - Kris Versteeg is hit by Adam Larsson and loses puck.
6:54 of 2nd period - Jakub Kindl is hit by Marcus Foligno and loses puck.
6:59 of 2nd period - Wrist shot by Logan Couture.
6:59 of 2nd period - Shot Blocked by Ryan O'Byrne.
7:01 of 2nd period - Snap shot by Logan Couture.
7:01 of 2nd period - Stopped by Robin Lehner with a rebound.
7:03 of 2nd period - Slapshot by Adam Larsson.
7:03 of 2nd period - Stopped by Robin Lehner without a rebound.
7:04 of 2nd period - Steven Stamkos wins face-off versus Anze Kopitar in Red Wings zone.
7:05 of 2nd period - Wrist shot by Nikita Kucherov.
7:05 of 2nd period - Stopped by Robin Lehner with a rebound.
7:11 of 2nd period - Snap shot by Kris Versteeg.
7:11 of 2nd period - Stopped by Michal Neuvirth with a rebound.
7:13 of 2nd period - Snap shot by Kris Versteeg.
7:13 of 2nd period - Stopped by Michal Neuvirth without a rebound.
7:14 of 2nd period - Nikita Kucherov wins face-off versus Anze Kopitar in Penguins zone.
7:27 of 2nd period - Wrist shot by Anze Kopitar.
7:27 of 2nd period - Shot Misses the Net.
7:29 of 2nd period - Snap shot by Anze Kopitar.
7:29 of 2nd period - Stopped by Michal Neuvirth with a rebound.
7:31 of 2nd period - Slapshot by Ryan O'Byrne.
7:31 of 2nd period - Shot Misses the Net.
7:38 of 2nd period - Minor Penalty to Keith Aulie for Hooking.
7:39 of 2nd period - Anze Kopitar wins face-off versus Steven Stamkos in Penguins zone.
9:38 of 2nd period - Penalty to Keith Aulie is over, Keith Aulie is back on ice.
9:55 of 2nd period - Darroll Powe is hit by Eric Gryba and loses puck.
10:07 of 2nd period - Matt Greene is hit by Logan Couture and loses puck.
10:45 of 2nd period - Darroll Powe is hit by Adam Larsson and loses puck.
10:52 of 2nd period - Keith Aulie is hit by Petr Pohl and loses puck.
11:11 of 2nd period - Snap shot by Logan Couture.
11:11 of 2nd period - Shot Misses the Net.
11:13 of 2nd period - Snap shot by Andrew Cogliano.
11:13 of 2nd period - Shot Misses the Net.
11:15 of 2nd period - Slapshot by Danny DeKeiser.
11:15 of 2nd period - Shot Blocked by Philip Samuelsson.
11:40 of 2nd period - Snap shot by Danny DeKeiser.
11:40 of 2nd period - Stopped by Robin Lehner with a rebound.
11:42 of 2nd period - Slapshot by Keith Aulie.
11:42 of 2nd period - Shot Blocked by Ole-Kristian Tollefsen.
11:44 of 2nd period - Slapshot by Keith Aulie.
11:44 of 2nd period - Stopped by Robin Lehner without a rebound.
11:45 of 2nd period - Anze Kopitar wins face-off versus Sean Monahan in Red Wings zone.
11:56 of 2nd period - Wrist shot by Anze Kopitar.
11:56 of 2nd period - Stopped by Michal Neuvirth without a rebound.
11:57 of 2nd period - Anze Kopitar wins face-off versus Viktor Arvidsson in Penguins zone.
12:57 of 2nd period - Danny DeKeiser is hit by Kris Versteeg and loses puck.
13:20 of 2nd period - Snap shot by Mike Richards.
13:20 of 2nd period - Goal by Mike Richards - Red Wings : 3 - Penguins : 1.
13:21 of 2nd period - Anze Kopitar wins face-off versus Sean Monahan in neutral zone.
13:30 of 2nd period - Snap shot by Kris Versteeg.
13:30 of 2nd period - Deflect By Sean Monahan.
13:30 of 2nd period - Shot Misses the Net.
13:30 of 2nd period - Puck is out of play.
13:31 of 2nd period - Sean Monahan wins face-off versus Anze Kopitar in Penguins zone.
13:42 of 2nd period - Viktor Arvidsson is hit by Marko Dano and loses puck.
14:16 of 2nd period - Wrist shot by Anze Kopitar.
14:16 of 2nd period - Shot Blocked by Alexei Marchenko.
14:18 of 2nd period - Slapshot by Philip Samuelsson.
14:18 of 2nd period - Shot Blocked by Eric Gryba.
14:22 of 2nd period - Wrist shot by Kris Versteeg.
14:22 of 2nd period - Shot Misses the Net.
14:24 of 2nd period - Slapshot by Philip Samuelsson.
14:24 of 2nd period - Shot Misses the Net.
14:26 of 2nd period - Snap shot by Kris Versteeg.
14:26 of 2nd period - Shot Blocked by Viktor Arvidsson.
14:28 of 2nd period - Wrist shot by Philip Samuelsson.
14:28 of 2nd period - Stopped by Michal Neuvirth without a rebound.
14:29 of 2nd period - Logan Couture wins face-off versus Mike Richards in Penguins zone.
15:14 of 2nd period - Snap shot by Mike Richards.
15:14 of 2nd period - Deflect By Sean Bergenheim.
15:14 of 2nd period - Shot Misses the Net.
15:14 of 2nd period - Puck is out of play.
15:15 of 2nd period - David Krejci wins face-off versus Nikita Kucherov in Penguins zone.
15:24 of 2nd period - Snap shot by David Krejci.
15:24 of 2nd period - Stopped by Michal Neuvirth with a rebound.
15:26 of 2nd period - Slapshot by Ole-Kristian Tollefsen.
15:26 of 2nd period - Shot Blocked by Danny DeKeiser.
15:28 of 2nd period - Snap shot by David Krejci.
15:28 of 2nd period - Goal by David Krejci - Red Wings : 4 - Penguins : 1.
15:28 of 2nd period - Sergei Bobrovsky enters game.
15:29 of 2nd period - Anze Kopitar wins face-off versus Steven Stamkos in neutral zone.
16:21 of 2nd period - Wrist shot by Marcus Foligno.
16:21 of 2nd period - Stopped by Robin Lehner with a rebound.
16:23 of 2nd period - Snap shot by Dustin Brown.
16:23 of 2nd period - Shot Blocked by Ryan O'Byrne.
16:45 of 2nd period - Snap shot by Nikita Kucherov.
16:45 of 2nd period - Stopped by Robin Lehner without a rebound.
16:46 of 2nd period - Anze Kopitar wins face-off versus Steven Stamkos in Red Wings zone.
16:48 of 2nd period - Minor Penalty to Matt Greene for High sticking.
16:49 of 2nd period - Steven Stamkos wins face-off versus Darroll Powe in Red Wings zone.
16:59 of 2nd period - Slapshot by Steven Stamkos.
16:59 of 2nd period - Shot Blocked by Philip Samuelsson.
17:01 of 2nd period - Slapshot by Steven Stamkos.
17:01 of 2nd period - Shot Misses the Net.
17:03 of 2nd period - Slapshot by Sean Zimmerman.
17:03 of 2nd period - Stopped by Robin Lehner without a rebound.
17:04 of 2nd period - Darroll Powe wins face-off versus Steven Stamkos in Red Wings zone.
17:48 of 2nd period - Snap shot by Steven Stamkos.
17:48 of 2nd period - Stopped by Robin Lehner without a rebound.
17:49 of 2nd period - Darroll Powe wins face-off versus Sean Monahan in Red Wings zone.
17:53 of 2nd period - Off-side.
17:54 of 2nd period - Darroll Powe wins face-off versus Sean Monahan in neutral zone.
18:11 of 2nd period - Slapshot by Thomas Vanek.
18:11 of 2nd period - Stopped by Robin Lehner without a rebound.
18:12 of 2nd period - Steven Stamkos wins face-off versus Darroll Powe in Red Wings zone.
18:48 of 2nd period - Penalty to Matt Greene is over, Matt Greene is back on ice.
18:53 of 2nd period - Darroll Powe is hit by Dustin Brown and loses puck.
19:28 of 2nd period - Keith Aulie is hit by Jakub Kindl and loses puck.
19:49 of 2nd period - Slapshot by Jakub Kindl.
19:49 of 2nd period - Stopped by Sergei Bobrovsky with a rebound.
19:59 of 2nd period - Sean Zimmerman is hit by Philip Samuelsson and loses puck.
Goals for this period are 4 for Red Wings vs 1 for Penguins.
Shots for this period are 14 for Red Wings vs 18 for Penguins.
3rd period
0:01 of 3rd period - Kris Versteeg wins face-off versus Steven Stamkos in neutral zone.
0:18 of 3rd period - Kris Versteeg is hit by Sean Zimmerman and loses puck.
0:31 of 3rd period - Snap shot by Connor Brown.
0:31 of 3rd period - Deflect By Sean Bergenheim.
0:31 of 3rd period - Deflect By Viktor Arvidsson.
0:31 of 3rd period - Stopped by Sergei Bobrovsky without a rebound.
0:32 of 3rd period - Sean Monahan wins face-off versus Mike Richards in Penguins zone.
1:05 of 3rd period - Matt Greene is hit by Keith Aulie and loses puck.
1:22 of 3rd period - Connor Brown is hit by Thomas Vanek and loses puck.
1:33 of 3rd period - Adam Larsson is hit by Sean Bergenheim and loses puck.
1:46 of 3rd period - Wrist shot by Mike Richards.
1:46 of 3rd period - Shot Misses the Net.
1:50 of 3rd period - Snap shot by Mike Richards.
1:50 of 3rd period - Shot Misses the Net.
1:52 of 3rd period - Snap shot by Matt Greene.
1:52 of 3rd period - Shot Blocked by Sean Monahan.
1:54 of 3rd period - Slapshot by Jiri Fischer.
1:54 of 3rd period - Deflect By Connor Brown.
1:54 of 3rd period - Goal by Connor Brown - Red Wings : 5 - Penguins : 1.
1:55 of 3rd period - Steven Stamkos wins face-off versus Anze Kopitar in neutral zone.
1:58 of 3rd period - Snap shot by Sean Zimmerman.
1:58 of 3rd period - Shot Blocked by Philip Samuelsson.
2:06 of 3rd period - Snap shot by Steven Stamkos.
2:06 of 3rd period - Stopped by Robin Lehner without a rebound.
2:07 of 3rd period - Anze Kopitar wins face-off versus Steven Stamkos in Red Wings zone.
2:12 of 3rd period - Andrew Cogliano is hit by Anze Kopitar and loses puck.
2:19 of 3rd period - Snap shot by Anze Kopitar.
2:19 of 3rd period - Stopped by Sergei Bobrovsky with a rebound.
2:21 of 3rd period - Snap shot by Ole-Kristian Tollefsen.
2:21 of 3rd period - Stopped by Sergei Bobrovsky with a rebound.
2:33 of 3rd period - Philip Samuelsson is hit by Keith Aulie and loses puck.
2:38 of 3rd period - Slapshot by Logan Couture.
2:38 of 3rd period - Shot Misses the Net.
2:40 of 3rd period - Snap shot by Marcus Foligno.
2:40 of 3rd period - Stopped by Robin Lehner without a rebound.
2:41 of 3rd period - Logan Couture wins face-off versus Marko Dano in Red Wings zone.
3:26 of 3rd period - Ryan O'Byrne is hit by Eric Gryba and loses puck.
3:37 of 3rd period - Ryan O'Byrne is hit by Marian Hossa and loses puck.
4:08 of 3rd period - Snap shot by Kris Versteeg.
4:08 of 3rd period - Shot Blocked by Keith Aulie.
4:10 of 3rd period - Wrist shot by Kris Versteeg.
4:10 of 3rd period - Stopped by Sergei Bobrovsky without a rebound.
4:11 of 3rd period - Steven Stamkos wins face-off versus Mike Richards in Penguins zone.
4:26 of 3rd period - Andrew Cogliano is hit by Connor Brown and loses puck.
5:20 of 3rd period - Wrist shot by Joe Colborne.
5:20 of 3rd period - Stopped by Robin Lehner without a rebound.
5:21 of 3rd period - Mike Richards wins face-off versus Joe Colborne in Red Wings zone.
5:30 of 3rd period - Wrist shot by Philip Samuelsson.
5:30 of 3rd period - Shot Misses the Net.
5:32 of 3rd period - Slapshot by Sean Bergenheim.
5:32 of 3rd period - Shot Misses the Net.
5:34 of 3rd period - Snap shot by Mike Richards.
5:34 of 3rd period - Stopped by Sergei Bobrovsky without a rebound.
5:35 of 3rd period - Anze Kopitar wins face-off versus Steven Stamkos in Penguins zone.
5:35 of 3rd period - Anze Kopitar is hit by Keith Aulie.
5:37 of 3rd period - Slapshot by Philip Samuelsson.
5:37 of 3rd period - Shot Blocked by Keith Aulie.
5:39 of 3rd period - Snap shot by Anze Kopitar.
5:39 of 3rd period - Shot Misses the Net.
5:41 of 3rd period - Wrist shot by Marko Dano.
5:41 of 3rd period - Stopped by Sergei Bobrovsky with a rebound.
5:43 of 3rd period - Slapshot by Kris Versteeg.
5:43 of 3rd period - Shot Misses the Net.
6:36 of 3rd period - Alex Picard is hit by Marcus Foligno and loses puck.
6:49 of 3rd period - Ryan O'Byrne is hit by Alexei Marchenko and loses puck.
7:13 of 3rd period - Michael Haley is hit by Andreas Martinsen and loses puck.
7:32 of 3rd period - Snap shot by Connor Brown.
7:32 of 3rd period - Deflect By Mike Richards.
7:32 of 3rd period - Shot Misses the Net.
7:32 of 3rd period - Puck is out of play.
7:33 of 3rd period - Mike Richards wins face-off versus Sean Monahan in Penguins zone.
7:54 of 3rd period - Sean Monahan is hit by Jiri Fischer and loses puck.
9:09 of 3rd period - Wrist shot by Viktor Arvidsson.
9:09 of 3rd period - Stopped by Robin Lehner with a rebound.
9:11 of 3rd period - Slapshot by Danny DeKeiser.
9:11 of 3rd period - Stopped by Robin Lehner with a rebound.
9:27 of 3rd period - Thomas Vanek is hit by Connor Brown.
11:05 of 3rd period - Wrist shot by Connor Brown.
11:05 of 3rd period - Shot Misses the Net.
11:28 of 3rd period - Wrist shot by Sean Monahan.
11:28 of 3rd period - Shot Misses the Net.
11:30 of 3rd period - Wrist shot by Thomas Vanek.
11:30 of 3rd period - Stopped by Robin Lehner with a rebound.
11:32 of 3rd period - Backhand shot by Thomas Vanek.
11:32 of 3rd period - Stopped by Robin Lehner without a rebound.
11:33 of 3rd period - Anze Kopitar wins face-off versus Steven Stamkos in Red Wings zone.
12:00 of 3rd period - Marcus Foligno is hit by Carson Mcmillan and loses puck.
12:07 of 3rd period - Wrist shot by Alex Picard.
12:07 of 3rd period - Stopped by Sergei Bobrovsky without a rebound.
12:08 of 3rd period - Alex Picard wins face-off versus Steven Stamkos in Penguins zone.
12:09 of 3rd period - Snap shot by David Krejci.
12:09 of 3rd period - Shot Misses the Net.
12:39 of 3rd period - Alexei Marchenko is hit by Ryan O'Byrne and loses puck.
13:00 of 3rd period - Snap shot by Joe Colborne.
13:00 of 3rd period - Shot Misses the Net.
13:30 of 3rd period - Alex Picard is hit by Eric Gryba and loses puck.
13:52 of 3rd period - Snap shot by Anze Kopitar.
13:52 of 3rd period - Shot Misses the Net.
16:47 of 3rd period - Joe Colborne is hit by Kris Versteeg and loses puck.
18:13 of 3rd period - Adam Larsson is hit by Anze Kopitar and loses puck.
18:58 of 3rd period - Viktor Arvidsson is hit by Darroll Powe and loses puck.
Goals for this period are 1 for Red Wings vs 0 for Penguins.
Shots for this period are 8 for Red Wings vs 7 for Penguins.